[Event "Team 45 45 League T34"]
[Site "Internet Chess Club"]
[Date "2007.08.16"]
[Round "5"]
[White "SaltofLife"]
[Black "DeLaSalle"]
[Result "0-1"]
[WhiteElo "2037"]
[BlackElo "2161"]
[Opening "French: Rubinstein variation"]
[ECO "C10"]
[Time "15:01:24"]
[TimeControl "2700+45"]

1. e4 e6 2. d4 d5 3. Nc3 dxe4 4. Nxe4 Nd7 5. g3 b6 6. Bg2 Rb8 7. Nf3 Bb7 8. Qe2
Ngf6 9. Bg5 Bxe4 10. O-O-O Be7 11. h4 h6 12. Bf4 O-O 13. Bh3 Bd6 14. Rhg1 Bxf4+
15. gxf4 Bxf3 16. Qxf3 Kh8 17. f5 exf5 18. Qxf5 Qe7 19. Rde1 Qd6 20. Re3 g6 21.
Qd3 Nd5 22. Reg3 Nf4 23. Qd2 Nf6 24. Rf3 N6h5 25. Rg4 Rbe8 26. Bf1 Qe6 27. Rgxf4
Nxf4 28. Rxf4 Qxa2 29. c3 Qa1+ 30. Kc2 Qxf1 {White resigns} 0-1

[Event "Team 45 45 League T34"]
[Site "Internet Chess Club"]
[Date "2007.08.20"]
[Round "5"]
[White "f5"]
[Black "pchak87"]
[Result "1/2-1/2"]
[WhiteElo "2228"]
[BlackElo "2251"]
[Opening "Sicilian: closed"]
[ECO "B24"]
[Time "12:01:10"]
[TimeControl "2700+45"]

1. e4 c5 2. Nc3 Nc6 3. g3 g6 4. Bg2 Bg7 5. d3 e6 6. f4 Nge7 7. Be3 d6 8. Nf3 O-O
9. O-O Nd4 10. e5 Nef5 11. Bf2 Bd7 12. exd6 Bc6 13. g4 Nxf3+ 14. Bxf3 Bxf3 15.
Qxf3 Nd4 16. Bxd4 Bxd4+ 17. Kh1 Qxd6 18. Ne4 Qc6 19. c3 Bg7 20. f5 f6 21. Ng3
Qxf3+ 22. Rxf3 exf5 23. gxf5 Rae8 24. Ne4 b6 25. Raf1 c4 26. Nd6 Re2 27. Nxc4 b5
28. Re3 Rc2 29. Nd6 Rxb2 30. Kg1 Rd8 31. Ne8 Rxa2 32. fxg6 hxg6 33. Nxf6+ Bxf6
34. Rxf6 Kg7 35. Rc6 Rd5 36. Rg3 Kh7 37. Rcxg6 Rxd3 38. Rg7+ {Game drawn by
mutual agreement} 1/2-1/2

[Event "Team 45 45 League T34"]
[Site "Internet Chess Club"]
[Date "2007.08.17"]
[Round "5"]
[White "kingcapture"]
[Black "gyoung"]
[Result "1-0"]
[WhiteElo "2271"]
[BlackElo "2200"]
[Opening "Sicilian: accelerated fianchetto, modern variation with Bc4"]
[ECO "B35"]
[Time "12:08:16"]
[TimeControl "2700+45"]

1. e4 c5 2. Nf3 Nc6 3. d4 cxd4 4. Nxd4 g6 5. Nc3 Bg7 6. Be3 Nf6 7. Bc4 O-O 8.
Bb3 a5 9. a4 Ng4 10. Nxc6 Nxe3 11. Nxd8 Nxd1 12. Rxd1 Bxc3+ 13. bxc3 Rxd8 14. f4
d6 15. Kf2 Bg4 16. Rd5 Bd7 17. Rhd1 Bc6 18. R5d4 Rdc8 19. Ke3 b5 20. axb5 Bxb5
21. Kd2 a4 22. Bd5 Ra5 23. Rb4 a3 24. Ra1 e6 25. Bb3 Bc6 26. Kd3 e5 27. g3 Kf8
28. c4 exf4 29. gxf4 Re8 30. Rb6 Bxe4+ 31. Kd4 Re6 32. Kc3 Rf6 33. Kb4 Ra7 34.
Rxa3 Rxa3 35. Kxa3 Ke7 36. Ra6 Rxf4 37. Ra7+ Kf8 38. Ra6 Rh4 39. Rxd6 Rxh2 40.
c3 Ke7 41. c5 Rh1 42. Kb4 Rb1 43. Kc4 h5 44. Ba4 Bf5 45. Rb6 h4 46. Rxb1 Bxb1
47. Kb5 h3 48. Kb6 Be4 49. c6 h2 50. c7 Bf5 51. Bc6 Kd6 52. c4 g5 53. c5+ Ke5
54. Bh1 Bc8 55. Ka7 f5 56. Kb8 Be6 57. c6 f4 58. c8=Q Bxc8 59. Kxc8 g4 60. Kd7
f3 61. c7 f2 62. c8=Q f1=Q 63. Qc5+ Kf4 64. Qf8+ {Black resigns} 1-0

[Event "Team 45 45 League T34"]
[Site "Internet Chess Club"]
[Date "2007.08.19"]
[Round "5"]
[White "Zkid"]
[Black "onslaught"]
[Result "0-1"]
[WhiteElo "2112"]
[BlackElo "2214"]
[Opening "Sicilian: Najdorf"]
[ECO "B90"]
[Time "14:29:37"]
[TimeControl "2700+45"]

1. e4 c5 2. Nf3 d6 3. d4 cxd4 4. Nxd4 Nf6 5. Nc3 a6 6. a4 Nc6 7. Nxc6 bxc6 8.
Bc4 e6 9. a5 d5 10. exd5 cxd5 11. Bb3 Bb4 12. Qd4 Be7 13. Na4 Qxa5+ 14. Bd2 Qc7
15. Nb6 Rb8 16. Nxc8 Qxc8 17. Qa4+ Nd7 18. Bf4 Rb4 19. Qxa6 Qxa6 20. Rxa6 Rxf4
21. Ra8+ Bd8 22. O-O O-O 23. Rfa1 Nc5 24. Rc8 Nxb3 25. cxb3 Bb6 26. Rc2 g6 27.
Ra6 Rb4 28. Ra3 Bd4 29. Kf1 Rfb8 30. Rd2 e5 31. Rd3 e4 32. Rd2 R8b5 33. Ra4 Bb6
34. Rxd5 Rxb3 35. Rxb5 Rxb5 36. Rxe4 Rxb2 37. Rf4 Kg7 38. g3 f5 39. h4 Kf6 40.
Kg2 Ke5 41. Rf3 h6 42. Kf1 Bd4 43. Kg2 g5 44. hxg5 hxg5 45. Kf1 Ke4 46. Kg2 Ra2
47. g4 f4 48. Rb3 Bxf2 49. Kh3 Bg3 50. Rb4+ Ke3 51. Rb3+ Ke2 52. Rb5 Bh4 53.
Re5+ Kf2 54. Rb5 Ra3+ 55. Kh2 Rg3 56. Rb2+ Kf3 57. Kh1 Kxg4 58. Ra2 Rb3 59. Rg2+
Bg3 60. Rg1 f3 61. Ra1 Re3 62. Ra4+ Kh3 63. Ra1 Re1+ 64. Rxe1 Bxe1 65. Kg1 f2+
66. Kf1 g4 67. Ke2 g3 68. Kf1 g2+ 69. Ke2 f1=Q+ 70. Ke3 g1=Q+ 71. Ke4 Qe2+ 72.
Kd5 Qd3+ 73. Kc6 Qc4+ 74. Kd6 Qgc5+ 75. Kd7 Qc6+ 76. Ke7 Q4e6+ 77. Kf8 Qce8+ 78.
Kg7 Q8f7+ 79. Kh8 Bc3# {White checkmated} 0-1

[Event "Team 45 45 League T34"]
[Site "Internet Chess Club"]
[Date "2007.08.18"]
[Round "5"]
[White "HocusPocus"]
[Black "chiiwen"]
[Result "1/2-1/2"]
[WhiteElo "2051"]
[BlackElo "1981"]
[Opening "Sicilian: closed"]
[ECO "B23"]
[Time "10:59:13"]
[TimeControl "2700+45"]

1. e4 c5 2. Nc3 g6 3. f4 Bg7 4. Nf3 Nc6 5. Bb5 Nd4 6. O-O Nxb5 7. Nxb5 d5 8.
exd5 a6 9. Nc3 Nf6 10. d4 c4 11. Qe2 b5 12. Ne5 Bb7 13. Be3 Nxd5 14. f5 O-O 15.
fxg6 hxg6 16. Bg5 Bxe5 17. Qxe5 f6 18. Qe6+ Kg7 19. Be3 Nxc3 20. bxc3 Qd5 21.
Qxd5 Bxd5 22. Bf4 Be4 23. Rfe1 f5 24. Re3 Kf7 25. Bg5 e6 26. Rae1 Rae8 27. R1e2
a5 28. Bf4 Rh8 29. a3 Rh4 30. Rf2 Kg8 31. Bc7 Ra8 32. Bd6 Bd5 33. Kf1 Ra6 34.
Be5 Ra7 35. Ke2 Re4 36. Rxe4 Bxe4 37. Ke3 Rb7 38. Bd6 Rh7 39. g3 g5 40. Be5 Kf7
41. Bc7 a4 42. Be5 Kg6 43. Kd2 Rh3 44. Bc7 Kh5 45. Be5 Kg4 46. Bc7 Bf3 47. Be5
f4 48. Bc7 fxg3 49. Bxg3 Bd5 50. Be5 Bf3 51. Bd6 Be4 52. Be5 {Game drawn by
mutual agreement} 1/2-1/2

[Event "Team 45 45 League T34"]
[Site "Internet Chess Club"]
[Date "2007.08.19"]
[Round "5"]
[White "k009ris"]
[Black "Checkmates"]
[Result "1/2-1/2"]
[WhiteElo "2292"]
[BlackElo "2317"]
[Opening "Sicilian: closed"]
[ECO "B23"]
[Time "23:46:26"]
[TimeControl "2700+45"]

1. e4 c5 2. Nc3 e6 3. f4 Nc6 4. Nf3 Nge7 5. d4 Nxd4 6. Nxd4 cxd4 7. Qxd4 Nc6 8.
Qf2 d5 9. Bd3 d4 10. Nb1 Bc5 11. O-O O-O 12. a3 f5 13. exf5 exf5 14. b4 Bb6 15.
Nd2 Be6 16. Re1 Bd5 17. b5 Ne7 18. Bb2 Bf7 19. Nf3 Ng6 20. g3 Bd5 21. a4 Bxf3
22. Qxf3 Qd7 23. Kg2 Rae8 24. Rxe8 Rxe8 25. a5 Bc5 26. Bc4+ Kh8 27. a6 bxa6 28.
Qc6 Qe7 29. Rxa6 Qe1 30. Qxc5 Qe4+ 31. Kg1 Qe3+ 32. Kg2 Qe4+ 33. Kg1 Qe3+ 34.
Kg2 Qd2+ 35. Kg1 Qe3+ 36. Kg2 Qd2+ 37. Kg1 Qe3+ 38. Kg2 Qd2+ 39. Kg1 {Game drawn
by repetition} 1/2-1/2

[Event "Team 45 45 League T34"]
[Site "Internet Chess Club"]
[Date "2007.08.19"]
[Round "5"]
[White "fozzy"]
[Black "jorobo"]
[Result "1-0"]
[WhiteElo "2215"]
[BlackElo "2111"]
[Opening "QGD: Tarrasch, Prague variation, 9.Bg5"]
[ECO "D30"]
[Time "23:56:27"]
[TimeControl "2700+45"]

1. d4 d5 2. c4 e6 3. Nf3 c5 4. cxd5 exd5 5. g3 Nc6 6. Bg2 Nf6 7. O-O Be7 8. Nc3
O-O 9. Bg5 Be6 10. Rc1 Ne4 11. Bxe7 Qxe7 12. dxc5 Rfd8 13. Nd4 Nxc5 14. Qd2 Rac8
15. Rfd1 Nd7 16. Nxd5 Bxd5 17. Bxd5 Nb6 18. Bxc6 bxc6 19. Nxc6 Rxd2 20. Nxe7+
Kf8 21. Rxc8+ Nxc8 22. Ng6+ hxg6 23. Rxd2 {Black resigns} 1-0

[Event "Team 45 45 League T34"]
[Site "Internet Chess Club"]
[Date "2007.08.20"]
[Round "5"]
[White "KingDestroyer"]
[Black "samikd"]
[Result "0-1"]
[WhiteElo "2199"]
[BlackElo "2030"]
[Opening "Sicilian: dragon, Yugoslav attack, Rauser variation"]
[ECO "B76"]
[Time "21:09:56"]
[TimeControl "2700+45"]

1. e4 c5 2. Nf3 d6 3. d4 cxd4 4. Nxd4 Nf6 5. Nc3 g6 6. Be3 Bg7 7. f3 O-O 8. Qd2
Nc6 9. O-O-O Nxd4 10. Bxd4 Be6 11. g4 Qa5 12. Kb1 Rfc8 13. a3 a6 14. g5 Nh5 15.
Bxg7 Nxg7 16. f4 b5 17. h4 Rab8 18. h5 b4 19. Nd5 Bxd5 20. exd5 Rc3 21. hxg6
fxg6 22. Rh3 Rxh3 23. Bxh3 Qa4 24. Qd4 Qb5 25. Re1 bxa3 26. b3 Qb4 27. Re4 Qxd4
28. Rxd4 a5 29. Ra4 Rb5 30. Bf1 Rb4 31. Bd3 Nh5 32. f5 Nf4 33. Rxb4 axb4 34. Be4
Ne2 35. Ka1 Nc3 36. Bd3 gxf5 37. Bxf5 Kg7 38. Be6 Kg6 39. Bg8 Kxg5 40. Bxh7 Kf4
41. Bg8 Ke3 42. Bh7 Kd4 43. Bg6 Kxd5 44. Bf7+ Kd4 45. Bc4 e5 {White resigns} 0-1

[Event "Team 45 45 League T34"]
[Site "Internet Chess Club"]
[Date "2007.08.19"]
[Round "5"]
[White "JeCrainsDegun"]
[Black "touchthis"]
[Result "0-1"]
[WhiteElo "1661"]
[BlackElo "1769"]
[Opening "French: King's Indian attack"]
[ECO "C00"]
[Time "13:06:48"]
[TimeControl "2700+45"]

1. e4 e6 2. d3 d5 3. Nd2 c5 4. Ngf3 Nc6 5. g3 Nge7 6. Bg2 g6 7. O-O Bg7 8. Re1
Qc7 9. c3 O-O 10. Qe2 dxe4 11. Nxe4 b6 12. Bf4 Qd7 13. Nd6 Nd5 14. Nxc8 Nxf4 15.
gxf4 Raxc8 16. Ng5 Qd6 17. Qf3 Bh6 18. h4 Ne7 19. Bh3 Nf5 20. Bxf5 exf5 21. Re3
Rfe8 22. Rae1 Rxe3 23. Rxe3 Rd8 24. Nh3 Bg7 25. Qe2 h5 26. Ng5 Bf8 27. Qf3 Be7
28. Qe2 Bxg5 29. fxg5 Kf8 30. Kg2 f4 31. Rf3 Qd5 32. Qd2 Qf5 33. d4 Qg4+ {White
resigns} 0-1

[Event "Team 45 45 League T34"]
[Site "Internet Chess Club"]
[Date "2007.08.18"]
[Round "5"]
[White "sean98"]
[Black "rooney95"]
[Result "1-0"]
[WhiteElo "1564"]
[BlackElo "1478"]
[Opening "Ruy Lopez: Graz variation"]
[ECO "C70"]
[Time "15:30:23"]
[TimeControl "2700+45"]

1. e4 e5 2. Nf3 Nc6 3. Bb5 a6 4. Ba4 b5 5. Bb3 Bc5 6. c3 Nf6 7. d3 h6 8. O-O O-O
9. Be3 Bxe3 10. fxe3 d6 11. Nbd2 Bg4 12. Re1 Qd7 13. Nf1 Nh7 14. h3 Bh5 15. Ng3
Bxf3 16. Qxf3 Nf6 17. Nf5 Ne7 18. Nxh6+ gxh6 19. Qxf6 Ng6 20. Qxg6+ {Black
resigns} 1-0

[Event "Team 45 45 League T34"]
[Site "Internet Chess Club"]
[Date "2007.08.17"]
[Round "5"]
[White "jks2000"]
[Black "HKNIGHT"]
[Result "1-0"]
[WhiteElo "1677"]
[BlackElo "1677"]
[Opening "English: ultra-symmetrical variation"]
[ECO "A36"]
[Time "21:14:50"]
[TimeControl "2700+45"]
1. c4 {0:45:41} c5 {0:45:39} 2. g3 {0:46:21} Nc6 {0:46:21} 3. Bg2 {0:47:00}
g6 {0:47:03} 4. Nc3 {0:47:40} Bg7 {0:47:45} 5. a3 {0:48:16} Nf6 {0:48:18} 6.
Rb1 {0:48:23} O-O {0:46:38} 7. b4 {0:47:30} d6 {0:46:20} 8. d3 {0:42:02} e5
{0:45:13} 9. e4 {0:39:46} Nd4 {0:45:43} 10. Nge2 {0:35:10} h6 {0:46:01} 11.
O-O {0:34:39} g5 {0:44:35} 12. Nd5 {0:30:02} Bg4 {0:41:36} 13. f3 {0:27:03}
Bh5 {0:41:11} 14. bxc5 {0:25:26} Nxd5 {0:41:12} 15. cxd5 {0:24:52} dxc5
{0:39:07} 16. g4 {0:22:57} Bg6 {0:39:43} 17. Rxb7 {0:22:49} Qc8 {0:40:21}
18. Rb1 {0:23:05} Rb8 {0:40:36} 19. Rxb8 {0:19:55} Qxb8 {0:41:13} 20. Nc3
{0:16:16} Rc8 {0:38:59} 21. Rf2 {0:15:09} Rc7 {0:37:53} 22. Rb2 {0:15:49}
Rb7 {0:38:33} 23. Rxb7 {0:15:01} Qxb7 {0:39:15} 24. Qa4 {0:15:25} Qb3
{0:35:53} 25. Qxb3 {0:12:18} Nxb3 {0:36:31} 26. Be3 {0:12:01} Kf8 {0:36:03}
27. Na4 {0:12:18} Ke8 {0:35:20} 28. Nxc5 {0:11:47} Nxc5 {0:35:56} 29. Bxc5
{0:12:27} a6 {0:36:37} 30. Kf2 {0:11:57} Bf6 {0:36:31} 31. Ke3 {0:12:14} Be7
{0:37:11} 32. d4 {0:11:59} f6 {0:37:44} 33. Bf1 {0:12:00} a5 {0:35:46} 34.
Bb5+ {0:11:38} Kf7 {0:36:24} 35. Kd3 {0:10:57} h5 {0:36:40} 36. h3 {0:10:52}
hxg4 {0:37:15} 37. hxg4 {0:11:32} Bd8 {0:37:09} 38. Kc4 {0:10:09} Kg8
{0:37:46} 39. Bc6 {0:09:15} Bf7 {0:38:13} 40. Kb5 {0:09:30} Kg7 {0:37:41}
41. dxe5 {0:08:09} fxe5 {0:38:17} 42. Bb6 {0:08:39} Be7 {0:38:22} 43. a4
{0:08:58} Bd6 {0:38:15} 44. Bxa5 {0:08:57} Kf8 {0:38:58} 45. Bb4 {0:09:33}
Ke7 {0:39:33} 46. Bxd6+ {0:09:59} Kxd6 {0:40:17} 47. Kb6 {0:10:35} Bg6
{0:40:49} 48. a5 {0:11:10} Ke7 {0:40:54} 49. a6 {0:11:35} Be8 {0:41:36} 50.
Bxe8 {0:12:10} Kxe8 {0:42:20} 51. a7 {0:12:48} {Black resigns} 1-0

[Event "Team 45 45 League T34"]
[Site "Internet Chess Club"]
[Date "2007.08.16"]
[Round "5"]
[White "Queen"]
[Black "Mutaant"]
[Result "1-0"]
[WhiteElo "1779"]
[BlackElo "1499"]
[Opening "Ruy Lopez: classical (Cordel) defense"]
[ECO "C64"]
[Time "14:01:37"]
[TimeControl "2700+45"]

1. e4 e5 2. Nf3 Nc6 3. Bb5 Bc5 4. O-O Qf6 5. c3 Nge7 6. b4 Bb6 7. Na3 a6 8. Ba4
O-O 9. Nc4 Ba7 10. Nb2 d6 11. d3 Bg4 12. Bg5 Bxf3 13. Bxf6 Bxd1 14. Bxe7 Bxa4
15. Bxf8 b5 16. Nxa4 bxa4 17. Bxg7 Kxg7 18. Rfe1 Ne7 19. h3 Ng6 20. g3 h5 21.
Kg2 h4 22. Rad1 c5 23. a3 a5 24. b5 Rb8 25. c4 Bb6 26. Rg1 Kf6 27. Rdf1 Rg8 28.
Kf3 Bd8 29. Ke3 Ke6 30. f4 f5 31. exf5+ Kxf5 32. fxe5+ Kxe5 33. gxh4 Bxh4 34. b6
Bd8 35. b7 Bc7 36. h4 Ne7 37. Rxg8 Nxg8 38. h5 Nh6 39. Rf8 Nf5+ 40. Kd2 Ng7 41.
h6 Ne6 42. h7 Nxf8 43. h8=Q+ Ke6 44. Qxf8 {Black resigns} 1-0

[Event "Team 45 45 League T34"]
[Site "Internet Chess Club"]
[Date "2007.08.17"]
[Round "5"]
[White "Kasparklunk"]
[Black "scottrugby"]
[Result "1/2-1/2"]
[WhiteElo "1487"]
[BlackElo "1557"]
[Opening "Bogo-Indian defense, Nimzovich variation"]
[ECO "E11"]
[Time "23:50:39"]
[TimeControl "2700+45"]

1. d4 Nf6 2. c4 e6 3. Nf3 Bb4+ 4. Bd2 Qe7 5. e3 Nc6 6. a3 Bxd2+ 7. Qxd2 d6 8.
Nc3 O-O 9. h3 a5 10. Bd3 h6 11. O-O b6 12. Rfe1 Bb7 13. Ne4 Nb8 14. Nxf6+ Qxf6
15. Be2 Nd7 16. b4 Qe7 17. Qc3 Nf6 18. Nd2 Ne4 19. Nxe4 {Game drawn by mutual
agreement} 1/2-1/2

[Event "Team 45 45 League T34"]
[Site "Internet Chess Club"]
[Date "2007.08.15"]
[Round "5"]
[White "AntonioMendonca"]
[Black "Toalla"]
[Result "1-0"]
[WhiteElo "1661"]
[BlackElo "1461"]
[Opening "King's Indian: 4.e4"]
[ECO "E70"]
[Time "18:05:05"]
[TimeControl "2700+45"]

1. d4 Nf6 2. c4 g6 3. Nc3 Bg7 4. e4 d6 5. Bd3 O-O 6. Nge2 c5 7. d5 e5 8. O-O a6
9. a3 Nbd7 10. b4 b6 11. h3 Rb8 12. Rb1 Qc7 13. Be3 Kh8 14. Qd2 Rg8 15. Bh6 Qd8
16. Bxg7+ Rxg7 17. bxc5 Nxc5 18. Bc2 Bd7 19. f4 Qe7 20. f5 gxf5 21. exf5 Qf8 22.
Rf2 b5 23. cxb5 axb5 24. Kh2 Ng8 25. g4 f6 26. Ng3 Rg5 27. Qe2 Nh6 28. Nxb5 Be8
29. Nc3 Bf7 30. Rxb8 Qxb8 31. Qb5 Qxb5 32. Nxb5 Bxd5 33. Nxd6 Bc6 34. Nh5 Ng8
35. Nf7# {Black checkmated} 1-0

[Event "Team 45 45 League T34"]
[Site "Internet Chess Club"]
[Date "2007.08.18"]
[Round "5"]
[White "walleye"]
[Black "stakastra"]
[Result "0-1"]
[WhiteElo "1442"]
[BlackElo "1550"]
[Opening "QGD: 3.Nc3"]
[ECO "D31"]
[Time "11:02:44"]
[TimeControl "2700+45"]

1. d4 d5 2. c4 e6 3. Nc3 h6 4. Nf3 Nf6 5. e3 c5 6. cxd5 exd5 7. Be2 cxd4 8. Nxd4
Nc6 9. O-O Be7 10. Nxc6 bxc6 11. Qc2 Bg4 12. b3 Bxe2 13. Qxe2 O-O 14. Rd1 Qc7
15. Bb2 Nh7 16. Na4 Bf6 17. Rac1 Bxb2 18. Qxb2 Nf6 19. Nc5 Rfe8 20. h3 a5 21.
Nd3 Rac8 22. Nf4 Qd7 23. Qc3 Ne4 24. Qd4 Qf5 25. g4 Qg5 26. Rc2 f5 27. f3 Nf6
28. Rg2 fxg4 29. hxg4 c5 30. Qd2 Rcd8 31. Re1 Qe5 32. Nd3 Qd6 33. Qxa5 Nd7 34.
e4 dxe4 35. Rxe4 Qxd3 36. Rd2 Qxf3 37. Rxd7 Rxe4 38. Rxd8+ Kh7 39. Qxc5 Re1+ 40.
Kh2 Rh1# {White checkmated} 0-1

[Event "Team 45 45 League T34"]
[Site "Internet Chess Club"]
[Date "2007.08.19"]
[Round "5"]
[White "CheeryCherry"]
[Black "sdcohle"]
[Result "0-1"]
[WhiteElo "1555"]
[BlackElo "1430"]
[Opening "Sicilian"]
[ECO "B56"]
[Time "09:52:36"]
[TimeControl "2700+45"]

1. e4 c5 2. Nf3 d6 3. d4 cxd4 4. Nxd4 Nf6 5. Nc3 Nc6 6. Be3 g6 7. f3 Bg7 8. Qd2
Nxd4 9. Bxd4 O-O 10. O-O-O Be6 11. g4 Qa5 12. a3 h5 13. h3 Rad8 14. g5 Nd7 15.
Bxg7 Kxg7 16. Rg1 Ne5 17. Qd4 Kg8 18. Bg2 Bxh3 19. f4 Bxg2 20. Rxg2 Ng4 21. Nd5
Rd7 22. Rh1 e6 23. Rxg4 exd5 24. exd5 Re7 25. Rgg1 Rfe8 26. c3 Qb5 27. c4 Qa5
28. Qd2 Qxd2+ 29. Kxd2 Re2+ 30. Kc1 R2e4 31. Rf1 Rxc4+ 32. Kb1 Ree4 33. f5 Rcd4
34. fxg6 fxg6 35. Rf6 Rxd5 36. Rxg6+ Kf7 37. Rf6+ Ke7 38. Rxh5 Rxg5 39. Rhh6 Rd4
40. Rf1 Rg7 41. Rc1 Kd7 42. Rh8 Rd5 43. Rhc8 Ke6 44. R8c7 Rxc7 45. Rxc7 Rb5 46.
Rc8 a5 47. Rh8 d5 48. Rh5 Kd6 49. Kc2 Kc6 50. Rh6+ Kc7 51. Kc3 Rb6 52. Rh5 Kc6
53. a4 Kc5 54. Rh7 Rb4 55. b3 b6 56. Rh5 Kd6 57. Rh6+ Kc7 58. Rh7+ Kc6 59. Rh6+
Kb7 60. Rd6 Rf4 61. Rxd5 Rf3+ 62. Kc4 Rf4+ 63. Rd4 Rxd4+ 64. Kxd4 Kc6 65. Kc4
Kd6 66. Kb5 Kc7 67. Ka6 Kc6 68. Ka7 Kc5 69. Kb7 b5 70. Ka6 bxa4 71. bxa4 Kb4 72.
Kb6 Kxa4 73. Kc5 Kb3 {White resigns} 0-1

[Event "Team 45 45 League T34"]
[Site "Internet Chess Club"]
[Date "2007.08.20"]
[Round "5"]
[White "Creb"]
[Black "vollmerj"]
[Result "1/2-1/2"]
[WhiteElo "1777"]
[BlackElo "1733"]
[Opening "Alekhine's defense: modern variation, 4...Bg4"]
[ECO "B05"]
[Time "19:00:55"]
[TimeControl "2700+45"]

1. e4 Nf6 2. e5 Nd5 3. d4 d6 4. Nf3 Bg4 5. Be2 Nc6 6. c3 g6 7. h3 Bxf3 8. Bxf3
e6 9. O-O Bg7 10. Bxd5 exd5 11. f4 O-O 12. Be3 dxe5 13. fxe5 Ne7 {Game drawn by
mutual agreement} 1/2-1/2

[Event "Team 45 45 League T34"]
[Site "Internet Chess Club"]
[Date "2007.08.15"]
[Round "5"]
[White "fredd"]
[Black "Cantemir"]
[Result "1-0"]
[WhiteElo "1561"]
[BlackElo "1358"]
[Opening "Sicilian defense"]
[ECO "B40"]
[Time "20:11:06"]
[TimeControl "2700+45"]

1. e4 c5 2. Nf3 e6 3. c3 d6 4. Be2 Nf6 5. e5 dxe5 6. Nxe5 Bd6 7. Nc4 Bc7 8. O-O
b5 9. Ne3 Qd6 10. g3 Bb7 11. Bf3 Nc6 12. Re1 O-O 13. b3 Rab8 14. Bb2 Ne5 15.
Bxb7 Rxb7 16. d4 Ng6 17. Ng4 Nxg4 18. Qxg4 f5 19. Qe2 Re8 20. dxc5 Qxc5 21. Ba3
Qe5 22. Nd2 Qxc3 23. Rac1 Qa5 24. Qf3 Rb6 25. b4 Qa4 26. Rxc7 Rd6 27. Qc3 e5 28.
Nf3 Rde6 29. Rd1 Qxd1+ 30. Kg2 Qd5 31. Rxa7 Rc6 32. Qe3 f4 33. Qd2 Qxd2 34. Nxd2
Rc2 35. Ne4 Rxa2 36. Nd6 Rf8 37. Nxb5 fxg3 38. hxg3 Raxf2+ 39. Kh3 e4 40. Nc3
Re8 41. b5 e3 42. Bc5 Rc2 43. Bd4 Ne5 44. b6 e2 45. Nxe2 Rxe2 46. Rc7 Re4 47.
Bc3 g5 48. b7 g4+ 49. Kg2 Re2+ 50. Kf1 Nc6 51. Rxc6 R2e7 52. Rc8 Rxb7 53. Rxe8+
Kf7 54. Re4 h5 55. Rf4+ Kg6 56. Re4 Rb3 57. Re3 Kf5 58. Re5+ Kg6 59. Rc5 Rb1+
60. Ke2 Rh1 61. Bd2 Rh3 62. Rc3 Rh2+ 63. Ke3 Rg2 64. Be1 Rg1 65. Bf2 Rh1 66. Ke4
Rh2 67. Be3 Rh3 68. Rc6+ Kh7 69. Bf4 Rh1 70. Kf5 Rh2 71. Kg5 Kg8 72. Kf6 Re2 73.
Rc8+ Kh7 74. Kf7 Re4 75. Rc5 Re7+ 76. Kxe7 Kg6 77. Rg5+ Kh6 78. Kf7 h4 79. Rxg4+
Kh5 80. Rxh4# {Black checkmated} 1-0

[Event "Team 45 45 League T34"]
[Site "Internet Chess Club"]
[Date "2007.08.18"]
[Round "5"]
[White "Russellovich"]
[Black "houseofcook"]
[Result "1-0"]
[WhiteElo "1618"]
[BlackElo "1351"]
[Opening "French: Réti (Spielmann) variation"]
[ECO "C00"]
[Time "09:00:25"]
[TimeControl "2700+45"]

1. e4 e6 2. b3 d5 3. Bb2 dxe4 4. Nc3 Nf6 5. Qe2 Nbd7 6. Nxe4 Be7 7. O-O-O b6 8.
g3 Bb7 9. Bg2 Rb8 10. d4 Nxe4 11. Bxe4 Bxe4 12. Qxe4 Nf6 13. Qe2 Qd5 14. Nf3 O-O
15. Ne5 b5 16. Rhe1 a5 17. a3 Ra8 18. Qf3 c6 19. c4 bxc4 20. bxc4 Qxf3 21. Nxf3
Nd7 22. Ne5 Nxe5 23. Rxe5 Bf6 24. Re4 Rfd8 25. a4 Ra6 26. Bc3 c5 27. Kc2 cxd4
28. Bxd4 Bxd4 29. Rexd4 Rf8 30. Rd6 Raa8 31. Rd7 g6 32. Rb1 Rfd8 33. Rbb7 Rxd7
34. Rxd7 Rc8 35. Kc3 Rc5 36. Kd4 Rh5 37. h4 e5+ 38. Ke4 f6 39. c5 Kf8 40. c6 Ke8
41. Rd5 f5+ 42. Ke3 f4+ 43. Ke4 fxg3 44. fxg3 Rf5 45. c7 {Black resigns} 1-0

[Event "Team 45 45 League T34"]
[Site "Internet Chess Club"]
[Date "2007.08.19"]
[Round "5"]
[White "EdTheKing"]
[Black "searchforbobby1"]
[Result "0-1"]
[WhiteElo "1866"]
[BlackElo "2078"]
[Opening "Sicilian: Pelikan (Lasker/Sveshnikov) variation"]
[ECO "B33"]
[Time "21:36:29"]
[TimeControl "2700+45"]

1. e4 c5 2. Nf3 Nc6 3. d4 cxd4 4. Nxd4 Nf6 5. Nc3 e5 6. Ndb5 d6 7. Nd5 Nxd5 8.
exd5 Nb8 9. c4 Be7 10. Bd3 O-O 11. O-O a6 12. Nc3 f5 13. f3 Nd7 14. b4 Qb6+ 15.
Kh1 Qxb4 16. Qc2 Nc5 17. Be3 Qa5 18. Rfb1 Qc7 19. Bf2 Bd7 20. a4 b6 21. Ne2 e4
22. fxe4 fxe4 23. Bxe4 Rxf2 24. Bf3 Rf8 25. Rd1 Bf5 26. Qd2 Nb3 27. Qe3 Rxf3 28.
gxf3 Nxa1 29. Rxa1 Bf6 30. Rg1 Qxc4 31. Rc1 Qd3 32. Qf4 Be5 {White resigns} 0-1

[Event "Team 45 45 League T34"]
[Site "Internet Chess Club"]
[Date "2007.08.18"]
[Round "5"]
[White "Burning-Bush"]
[Black "Shadowknife7"]
[Result "1-0"]
[WhiteElo "2131"]
[BlackElo "1892"]
[Opening "King's Indian: 3.g3"]
[ECO "E60"]
[Time "22:31:05"]
[TimeControl "2700+45"]

1. d4 Nf6 2. c4 g6 3. g3 Bg7 4. Bg2 O-O 5. Nc3 d6 6. e4 e5 7. d5 Ne8 8. Nge2 f5
9. f4 fxe4 10. Nxe4 Nf6 11. Nf2 Nbd7 12. O-O Nh5 13. Nd3 exf4 14. Nexf4 Nxf4 15.
Bxf4 Nb6 16. Rc1 Bf5 17. b3 Nd7 18. Qd2 Re8 19. Nf2 Nf6 20. Bg5 Qd7 21. Rfe1 Ng4
22. Ne4 Qf7 23. h3 Ne5 24. Rf1 Qd7 25. Nf2 Nf7 26. Bf4 Qd8 27. Rfe1 Ne5 28. g4
Bd7 29. Ne4 Rf8 30. Bg5 Qe8 31. Rf1 Kh8 32. Rxf8+ Qxf8 33. Rf1 Qe8 34. Nf6 Qc8
35. Qf2 h6 36. Qh4 Nf7 37. Bd2 c6 38. Be4 g5 39. Qh5 cxd5 40. Qxf7 dxe4 41. Qg6
Bxf6 42. Qxf6+ {Black resigns} 1-0

[Event "Team 45 45 League T34"]
[Site "Internet Chess Club"]
[Date "2007.08.17"]
[Round "5"]
[White "Fritos"]
[Black "PublisherKing"]
[Result "1-0"]
[WhiteElo "1776"]
[BlackElo "1905"]
[Opening "Caro-Kann defense"]
[ECO "B12"]
[Time "13:06:50"]
[TimeControl "2700+45"]

1. e4 c6 2. d4 d6 3. Nf3 Bg4 4. h3 Bh5 5. Be2 Qc7 6. O-O e5 7. Be3 Nf6 8. Nbd2
Nbd7 9. Nh4 Bxe2 10. Qxe2 Be7 11. Nf5 Bf8 12. f4 g6 13. Nxd6+ Bxd6 14. fxe5 Bxe5
15. dxe5 Qxe5 16. Qf2 O-O 17. Bd4 Qg5 18. Rad1 Ne8 19. e5 Nc7 20. Ne4 Qe7 21.
Nc5 Ne6 22. Nxd7 Qxd7 23. Bc5 Nxc5 24. Rxd7 Nxd7 25. Qd4 Rfd8 26. Qf4 Rf8 27.
Rd1 Nb6 28. a4 Nd5 29. Qh4 Rae8 30. Qd4 b6 31. c4 Nb4 32. a5 c5 33. Qd6 Re6 34.
Qc7 Rfe8 35. Rd7 Rf8 36. Rxf7 {Black resigns} 1-0

[Event "Team 45 45 League T34"]
[Site "Internet Chess Club"]
[Date "2007.08.19"]
[Round "5"]
[White "Bombo"]
[Black "KKnighty"]
[Result "1-0"]
[WhiteElo "1801"]
[BlackElo "1673"]
[Opening "English opening: Agincourt variation"]
[ECO "A13"]
[Time "15:06:14"]
[TimeControl "2700+45"]

1. Nf3 d5 2. c4 e6 3. g3 b6 4. b3 Bb7 5. Bg2 Nf6 6. O-O Be7 7. Bb2 c5 8. e3 Nbd7
9. d3 Qc7 10. Nbd2 O-O 11. Qe2 a6 12. Rac1 Rac8 13. Rfd1 h6 14. cxd5 exd5 15. a3
Qb8 16. d4 Bd6 17. dxc5 Rxc5 18. Nd4 Be5 19. N2f3 Bc7 20. Bc3 a5 21. b4 Rc4 22.
Nd2 Rxc3 23. Rxc3 Be5 24. N2f3 Ne4 25. Rc2 Bd6 26. Qb5 Qd8 27. bxa5 Bxa3 28.
axb6 Nxb6 29. Rb1 Bc5 30. Rxc5 Nxc5 31. Qxb6 Qxb6 32. Rxb6 Ra8 33. h4 Ra6 34.
Rxa6 Nxa6 35. Nd2 Nb4 36. N2b3 Kf8 37. Kf1 Ke7 38. Nc5 Bc8 39. Ke2 Kd6 40. Nd3
Ba6 41. Nf5+ Kd7 42. Kd2 Nxd3 43. Bf1 Nb4 44. Bxa6 Nxa6 45. Nxg7 Nc5 46. Nf5 h5
47. f3 Ne6 48. Kd3 Kc6 49. Nd4+ Kd6 50. Nxe6 fxe6 51. g4 hxg4 52. fxg4 Ke7 53.
g5 Kf7 54. h5 Kg7 55. Kd4 Kf7 56. Ke5 Kg7 57. Kxe6 d4 58. exd4 Kh8 59. d5 Kg8
60. d6 Kf8 61. d7 Kg7 62. d8=Q Kh7 63. Qd7+ Kh8 64. Kf6 Kg8 65. Qg7# {Black
checkmated} 1-0